AoeStats
← Bob_The_Nob

Golden Pit

510058717Analyzed
1v1 RM · 3d ago on Sep 29, 2026· 70m 27s· 2 players
Game mode
Random Map
Map size
Tiny (2 player)
Population
200
Speed
Normal
Resources
Standard
Victory
Conquest
Starting age
Dark Age
Ending age
Imperial Age
RankedLock teamsTeams togetherTeam positionsShared explorationLock speedFull tech treeHidden civsTurbo modeCheats
Victory
Defeat
🇷🇺 Sicilians · Russia
433
+20
🇬🇧 Britons · United Kingdom
533
-20
michaelprodreamer
11:24 Feudal Age
12:40 Wheelbarrow
11:48 Horse Collar
12:15 Double-Bit Axe
16:12 Gold Mining
18:28 Stone Mining
23:26 Castle Age
21:55 Scale Mail Armor
21:56 Padded Archer Armor
22:32 Fletching
22:53 Forging
24:26 Hand Cart
24:14 Heavy Plow
24:27 Bow Saw
25:19 Chain Mail Armor
27:44 Crossbowman
28:29 Husbandry
28:54 Leather Archer Armor
28:46 Scale Barding Armor
29:29 Gold Shaft Mining
31:19 Iron Casting
32:11 Stone Shaft Mining
31:09 Elite Skirmisher
31:50 Bodkin Arrow
32:57 Chain Barding Armor
35:49 Masonry
35:59 Ballistics
35:35 Murder Holes
39:57 Imperial Age
40:09 Arbalester
40:11 Cranequins
40:13 Cavalier
42:05 Guilds
42:58 Blast Furnace
44:07 Plate Mail Armor
46:13 Plate Barding Armor
45:39 Bracer
45:28 Arrowslits
49:56 Loom
49:57 Town Watch
50:46 Crop Rotation
51:21 Chemistry
51:58 Siege Engineers
56:56 Heavy Mounted Crossbowman
59:32 Hoardings
58:24 Elite Serjeant
59:30 First Crusade
59:24 Hauberk
59:47 Conscription
59:04 Sappers
59:46 Town Patrol
Bob_The_Nob
0:47 Loom
11:48 Feudal Age
17:42 Horse Collar
24:45 Castle Age
23:27 Padded Archer Armor
24:29 Wheelbarrow
23:40 Town Watch
23:46 Double-Bit Axe
27:14 Hand Cart
29:54 Town Patrol
29:49 Fletching
32:29 Leather Archer Armor
32:25 Bodkin Arrow
39:47 Bow Saw
42:48 Ballistics
42:41 Murder Holes
50:55 Heavy Plow
53:05 Guard Tower
Connection lost

Rejoining the realm…

Still unreachable

The connection could not be restored.

Session expired

The server has moved on; the page needs a fresh start.